 Dungeon Crawl Stone Soup version 0.21.1-1-g345015fe64 (webtiles) character file.

225 JOKERXD40 the Chopper (level 6, -3/53 HPs)
             Began as a Hill Orc Monk on June 15, 2018.
             Slain by a slave (8 damage)
             ... led by Pikel
             ... on level 5 of the Dungeon.
             The game lasted 00:09:28 (3491 turns).

JOKERXD40 the Chopper (Hill Orc Monk)               Turns: 3491, Time: 00:09:29

Health: -3/53      AC:  8    Str: 16    XL:     6   Next: 1%
Magic:  6/6        EV: 12    Int: 13    God:
Gold:   185        SH:  0    Dex: 13    Spells: 5/5 levels left

rFire    . . .     SeeInvis .   a - +0 hand axe
rCold    . . .     Gourm    .   (no shield)
rNeg     . . .     Faith    .   d - +0 ring mail
rPois    .         Spirit   .   v - +1 helmet
rElec    .         Reflect  .   (no cloak)
rCorr    .         Harm     .   n - +0 pair of gloves
MR       .....                  (no boots)
Stlth    +.........             s - amulet of regeneration
HPRegen  0.57/turn              l - ring of flight
MPRegen  0.10/turn              m - +3 ring of intelligence

@: about to teleport
A: no striking features
a: Evoke Flight


You were on level 5 of the Dungeon.
You were not hungry.

You visited 1 branch of the dungeon, and saw 5 of its levels.

You collected 185 gold pieces.

Inventory:

Hand Weapons
 a - a +0 hand axe (weapon)
Armour
 b - a +0 robe
 d - a +0 ring mail (worn)
 n - a +0 pair of gloves (worn)
 v - a +1 helmet (worn)
Jewellery
 i - a +4 amulet of reflection {unknown}
 l - a ring of flight (left hand)
 m - a +3 ring of intelligence (right hand)
 s - an amulet of regeneration (around neck)
Wands
 k - a wand of scattershot (6)
Scrolls
 e - 2 scrolls of teleportation
 h - a scroll of identify {unknown}
 o - a scroll of blinking {unknown}
 q - a scroll of fog {unknown}
Potions
 f - 2 potions of heal wounds
 g - a potion of degeneration {unknown}
 p - 2 potions of flight {unknown}
 r - 3 potions of lignification {unknown}
 u - 2 potions of berserk rage {unknown}
Comestibles
 c - 9 rations


   Skills:
 + Level 4.6 Fighting
 + Level 5.8 Axes
 + Level 3.0 Armour
 + Level 3.1 Dodging
 + Level 2.0 Stealth


You had 5 spell levels left.
You didn't know any spells.

Dungeon Overview and Level Annotations

Branches:
Dungeon (5/15)
 Temple: D:4-7

Altars:
Ashenzari
Cheibriados
Okawaru

Annotations:
D:5 Dowan, Duvessa, Pikel


Message History

Pikel hits you with a whip of electrocution.
The slave misses you.
You barely miss Pikel.
Pikel is heavily wounded.
You hit the slave. x2; Pikel hits you but does no damage.
The slave hits you.
Dowan zaps a wand.
You hear a grinding noise.
You hit Pikel.
Pikel is heavily wounded.
You closely miss the slave.
You hit the slave. x2; The slave hits you.
Pikel hits you but does no damage. The slave hits you. x2
You are too injured to fight recklessly!
You are too injured to fight recklessly!
You are too injured to fight recklessly!
As you read the scroll of teleportation, it crumbles to dust.
You feel strangely unstable. The slave barely misses you.
Pikel hits you but does no damage.
You are electrocuted!
* * * LOW HITPOINT WARNING * * *
The slave hits you!
You die...

## ### #.###.#.#
#.).#
##.###.......#
#...#
#.#........###
#e..# ##.#########
#.)(.### #####.#
...e...# ......#
...p.##.# #######
.##..###..#
####p#........#.# #
#p@Ke..#)#.##.##.#.
#pp#.###.#.##.###.#
...Z..#
#...........
#.##..#.#
###.###.##.# #
#.##$# #.# #.# .#
.. .. ... #.. .. .#
..# (....#.##.# ..
..##>....#.# .#
#.....#.. ..


You could see Pikel, Duvessa, 4 slaves, Dowan and a ball python zombie.

Vanquished Creatures
  A gnoll shaman (D:5)
  2 iguanas (D:4)
  5 gnolls
  3 adders
  2 oozes (D:1)
  An adder skeleton (D:5)
  2 worms
  4 dart slugs
  2 leopard geckos
  2 orcs
  2 giant cockroaches (D:1)
  4 goblins
  3 hobgoblins
  4 jackals (D:4)
  8 bats
  3 frilled lizards
  3 rats
51 creatures vanquished.

Notes
Turn   | Place    | Note
-------+----------+-------------------------------------------
     0 | D:1      | JOKERXD40 the Hill Orc Monk began the quest for the Orb.
     0 | D:1      | Reached XP level 1. HP: 19/19 MP: 1/1
     2 | D:1      | Noticed a vampire
     4 | D:1      | Noticed a formicid
     4 | D:1      | Noticed a spriggan
     6 | D:1      | Noticed a tengu
     6 | D:1      | Noticed a felid
     8 | D:1      | Noticed an ogre
    10 | D:1      | Noticed a demigod
    10 | D:1      | Noticed a minotaur
    12 | D:1      | Noticed a troll
    14 | D:1      | Noticed a dwarf
    14 | D:1      | Noticed a centaur
    40 | D:1      | Noticed a draconian
    40 | D:1      | Noticed a human
    44 | D:1      | Noticed a gargoyle
    44 | D:1      | Noticed a vine stalker
    46 | D:1      | Noticed a demonspawn
    46 | D:1      | Noticed a halfling
    48 | D:1      | Noticed an elf
    48 | D:1      | Noticed a naga
    65 | D:1      | Noticed an octopode
    67 | D:1      | Noticed a ghoul
    67 | D:1      | Noticed a merfolk
   142 | D:1      | Reached XP level 2. HP: 27/27 MP: 2/2
   483 | D:1      | Reached XP level 3. HP: 26/33 MP: 3/3
   885 | D:2      | Found an iron altar of Okawaru.
   966 | D:2      | Reached skill level 1 in Armour
  1033 | D:2      | Reached XP level 4. HP: 27/40 MP: 4/4
  1043 | D:2      | HP: 2/40 [worm (8)]
  1566 | D:3      | You fall through a shaft!
  1571 | D:4      | Found a snail-covered altar of Cheibriados.
  1601 | D:4      | Reached skill level 5 in Axes
  1874 | D:4      | Found a shattered altar of Ashenzari.
  2224 | D:4      | Reached XP level 5. HP: 43/47 MP: 5/5
  3057 | D:5      | Entered Level 5 of the Dungeon
  3078 | D:5      | Noticed a water moccasin
  3268 | D:5      | Reached XP level 6. HP: 30/53 MP: 6/6
  3436 | D:5      | Noticed a slave
  3437 | D:5      | Noticed a slave
  3438 | D:5      | Noticed Dowan
  3438 | D:5      | Noticed Duvessa
  3439 | D:5      | Noticed Pikel
  3439 | D:5      | Noticed a slave
  3439 | D:5      | Noticed a slave
  3491 | D:5      | Slain by a slave

Skill      XL: |  1  2  3  4  5 |
---------------+----------------+-----
Fighting       | 4 |  4.6
Armour         | 1 2 3 |  3.0
Axes           | 5 |  5.8
Dodging        | 3 |  3.1
Stealth        | 2 |  2.0

Action                   |  1- 3 |  4- 6 || total
-------------------------+-------+-------++-------
Melee: Hand axe          |   121 |   154 ||   275
 Abil: Evoke Flight      |       |     1 ||     1
  Use: Scroll            |     3 |     4 ||     7
       Potion            |       |     1 ||     1
 Stab: Sleeping          |     1 |     4 ||     5
  Eat: Ration            |       |     2 ||     2
       Chunk             |       |     4 ||     4
Armor: Ring mail         |    36 |    75 ||   111
Dodge: Dodged            |    91 |   141 ||   232
